 Dungeon Crawl Stone Soup version 0.29.0-7-g18a832c13a (webtiles) character file.

Game seed: 9549543553556251972

13614 blackman the Cleaver (level 12, -5/92 HPs)
             Began as a Human Wanderer on Aug 30, 2022.
             Was a Priest of Qazlal.
             Slain by a cane toad (16 damage)
             ... on level 10 of the Dungeon.
             The game lasted 00:59:08 (19347 turns).

blackman the Cleaver (Human Wanderer)              Turns: 19347, Time: 00:59:08

Health: -5/92      AC: 16    Str: 26    XL:     12   Next: 34%
Magic:  20/20      EV:  7    Int:  9    God:    Qazlal [***...]
Gold:   547        SH:  4    Dex: 14    Spells: 12/13 levels left

rFire   . . .      SeeInvis .   b - +0 halberd (flame)
rCold   . . .      Faith    .   (shield currently unavailable)
rNeg    . . .      Spirit   .   z - +0 plate armour
rPois   .          Reflect  .   (no helmet)
rElec   .          Harm     .   Q - +0 cloak
rCorr   .          Rampage  .   G - +0 pair of gloves
Will    .....                   g - +0 pair of boots
Stlth   ..........              (no amulet)
HPRegen 0.25/turn               i - +6 ring of strength
MPRegen 0.17/turn               K - +4 ring of slaying

@: no status effects
A: no striking features
a: Renounce Religion, Upheaval, Elemental Force


You were on level 10 of the Dungeon.
You worshipped Qazlal.
Qazlal was most pleased with you.
You visited 3 branches of the dungeon, and saw 13 of its levels.
You also visited: Ossuary.

You collected 580 gold pieces.
You spent 33 gold pieces at shops.

Inventory:

Hand Weapons
 a - a +2 sling
 b - a +0 halberd of flaming (weapon)
 I - a +0 war axe
 L - a +4 battleaxe of venom
Missiles
 l - 36 poisoned darts
 E - a throwing net
 F - 4 curare-tipped darts
Armour
 g - a +0 pair of boots (worn)
 o - a +3 ring mail
 z - a +0 plate armour (worn)
 G - a +0 pair of gloves (worn)
 J - a +0 kite shield
 Q - a +0 cloak (worn)
Jewellery
 c - a ring of magical power
 i - a +6 ring of strength (left hand)
 u - a ring of poison resistance
 C - a +6 ring of strength
 D - a +6 ring of dexterity
 K - a +4 ring of slaying (right hand)
 P - a ring of flight
Wands
 y - a wand of mindburst (4)
 A - a wand of flame (22)
 M - a wand of roots (5)
Scrolls
 d - a scroll of vulnerability
 e - 3 scrolls of amnesia
 f - 4 scrolls of teleportation
 j - 4 scrolls of poison
 k - 4 scrolls of blinking
 m - 5 scrolls of butterflies
 p - 3 scrolls of enchant weapon
 q - 2 scrolls of noise
 x - a scroll of fear
 B - a scroll of summoning
Potions
 h - 2 potions of haste
 n - 2 potions of mutation
 r - 2 potions of berserk rage
 s - 2 potions of lignification {unknown}
 v - a potion of degeneration
 w - 2 potions of curing
 H - 2 potions of attraction {unknown}
 N - 2 potions of might {unknown}
 O - a potion of flight


   Skills:
 + Level 8.0 Fighting
 - Level 12.5 Axes
 - Level 4.0 Ranged Weapons
 - Level 2.0 Throwing
 * Level 5.1 Armour
 - Level 1.0 Dodging
 - Level 1.0 Spellcasting
 - Level 2.0 Summonings
 - Level 11.5 Invocations


You had 12 spell levels left.
You knew the following spells:

 Your Spells              Type           Power      Damage    Failure   Level
a - Summon Small Mammal   Summ           16%        N/A       91%         1

Your spell library contained the following spells:

 Spells                   Type           Power      Damage    Failure   Level
 Freeze                   Ice            0%         1d3       99%         1
 Magic Dart               Conj           0%         1d3       99%         1
 Call Canine Familiar     Summ           4%         N/A       99%         3
 Ensorcelled Hibernation  Hex/Ice        0%         N/A       100%        2
 Searing Ray              Conj           0%         2d4       100%        2
 Frozen Ramparts          Ice            0%         1d1       100%        3
 Spider Form              Tmut/Pois      0%         N/A       100%        3
 Anguish                  Hex/Necr       0%         N/A       100%        4
 Corpse Rot               Necr/Pois/Air  0%         N/A       100%        4
 Dispel Undead            Necr           0%         3d6       100%        4
 Fulminant Prism          Conj/Hex       0%         3d6       100%        4
 Hailstorm                Conj/Ice       0%         3d3       100%        4
 Death Channel            Necr           0%         N/A       100%        6


Dungeon Overview and Level Annotations

Branches:
Dungeon (11/15)            Temple (1/1) D:5            Lair (1/5) D:10
    Orc (0/2) D:10        Ossuary (visited)

Altars:
Ashenzari
Cheibriados
Dithmenos
Elyvilon
Fedhas
Gozag
Hepliaklqana
Kikubaaqudgha
Makhleb
Nemelex Xobeh
Okawaru
Qazlal
Ru
Sif Muna
Trog
Uskayaw
Vehumet
Wu Jian
Xom
Yredelemnul
Zin
The Shining One

Shops:
D:3 ([=   D:5 *

Portals:
Trove: D:11 (give 2 scrolls of acquirement)


Message History

Aim: an eight-headed hydra (about 19% to evade your +0 halberd of flaming)
You reach to attack!
You completely miss the eight-headed hydra.
The cane toad stings you but does no damage.
The eight-headed hydra is engulfed in freezing vapours.
The eight-headed hydra seems to slow down.
The eight-headed hydra bites you!
The eight-headed hydra barely misses you.
You block the eight-headed hydra's attack.
The eight-headed hydra bites you.
The eight-headed hydra bites you but does no damage.
The eight-headed hydra bites you.
The eight-headed hydra bites you but does no damage.
The eight-headed hydra closely misses you.
You climb upwards.
Welcome back to the Dungeon!
The wyvern hisses angrily.
There is a staircase to the Lair here.
You lop one of the eight-headed hydra's heads off!
The flame cauterises the wound!
You slice the seven-headed hydra!! You burn the seven-headed hydra.
The seven-headed hydra is heavily wounded.
The cane toad stings you!!
The seven-headed hydra is engulfed in blazing flames.
The seven-headed hydra bites you but does no damage.
You block the seven-headed hydra's attack.
The seven-headed hydra barely misses you.
The seven-headed hydra bites you but does no damage.
The seven-headed hydra bites you.
* * * LOW HITPOINT WARNING * * *
The seven-headed hydra closely misses you.
The seven-headed hydra bites you.
* * * LOW HITPOINT WARNING * * *
The cane toad stings you!
* * * LOW HITPOINT WARNING * * *
You are lethally poisoned!
The cane toad poisons you!
You feel better. The wyvern bites you.
* * * LOW HITPOINT WARNING * * *
The cane toad stings you!
You die...

.................#.##...#
...................##...##
#'##...........P.........#
#.##........♣.P..........#
..##......P..P...P.......# ##
####..................P..# #.
######...P...♣..P.♣.P.#######.
#......°D..P♣............
##......F@P.....P..####.##
##### #........l....PP...#
#.#. #...#
#...♣.....P.P.....#####.##
#...#
#............P.....##.#...
#...#
##...............#.##.##..
##...#
#.....♣P...P..###.##.....
.#...# #....P....P.[.#
#.##.#... .#...#
#.............# #..#.#..#
.#...# ##....#########
##.#.#...


You could see a seven-headed hydra (slow), a cane toad and a wyvern.

Vanquished Creatures
  A two-headed ogre (D:10)
  A fire crab (shapeshifter) (D:10)
  A deep elf pyromancer (D:11)
  A manticore (D:11)
  Maurice (D:10)
  A cane toad (Lair:1)
  A komodo dragon (D:11)
  2 trolls
  A wraith (D:8)
  2 shadows
  14 yaks
  6 wyverns
  2 vampire mosquitoes (D:10)
  Menkaure (D:5)
  A basilisk (D:10)
  5 water moccasins
  A sky beast (D:6)
  A black bear (D:7)
  An ice beast (D:4)
  7 orc warriors
  3 ogres
  5 centaurs
  3 phantoms
  5 kobold brigands
  2 bullfrogs
  A necrophage (D:5)
  3 gnoll sergeants
  2 wyvern zombies (Ossuary)
  5 scorpions
  5 wights (D:8)
  22 killer bees
  9 electric eels
  2 howler monkeys
  A centaur zombie (Ossuary)
  3 bullfrog zombies (Ossuary)
  5 hounds
  A jelly (D:6)
  6 orc priests
  A gnoll bouda (D:8)
  Ijyb (D:5)
  7 iguanas
  13 orc wizards
  A killer bee zombie (Ossuary)
  9 mummies (Ossuary)
  14 gnolls
  4 adders
  A shadow imp (D:7)
  A white imp (D:6)
  An ufetubus (D:4)
  A worm (D:5)
  8 dart slugs
  36 orcs
  13 ball pythons
  7 bats
  4 endoplasms
  2 giant cockroaches
  6 goblins
  5 hobgoblins
  11 kobolds
  6 quokkas
  2 frilled lizards (D:1)
  3 rats
291 creatures vanquished.

Vanquished Creatures (others)
  A fungus (D:10)
  21 plants
  4 withered plants (Ossuary)
26 creatures vanquished.

Grand Total: 317 creatures vanquished

Notes
Turn   | Place    | Note
-------+----------+-------------------------------------------
     0 | D:1      | blackman the Human Wanderer began the quest for the Orb.
     0 | D:1      | blackman set off with the following items: a +2 sling, 11
                  | poisoned darts, a +0 dagger, a scroll of vulnerability, a
                  | +0 leather armour; and the following spell memorised:
                  | Summon Small Mammal; and the following spells available to
                  | memorise: Call Canine Familiar.
     0 | D:1      | Reached XP level 1. HP: 15/15 MP: 2/2
   256 | D:1      | Reached XP level 2. HP: 12/21 MP: 3/3
   654 | D:1      | Reached XP level 3. HP: 26/26 MP: 4/4
  1054 | D:2      | Found a faded altar of an unknown god.
  1068 | D:2      | Prayed at the altar of an unknown god.
  1068 | D:2      | Became a worshipper of Qazlal Stormbringer
  1068 | D:2      | Reached * piety under Qazlal
  1187 | D:2      | Reached XP level 4. HP: 34/34 MP: 5/5
  1506 | D:2      | Found a shimmering blue altar of Sif Muna.
  1700 | D:3      | Reached XP level 5. HP: 28/42 MP: 6/6
  2402 | D:3      | Reached ** piety under Qazlal
  2478 | D:3      | Found Umuthrowk's Jewellery Shop.
  2559 | D:3      | Found Jith's Weapon Shoppe.
  2572 | D:3      | Bought 5 curare-tipped darts for 33 gold pieces
  2663 | D:3      | Reached XP level 6. HP: 21/50 MP: 7/7
  3160 | D:3      | Found Quel's Antique Armour Shop.
  3438 | D:4      | Reached skill level 5 in Fighting
  3597 | D:4      | Reached XP level 7. HP: 13/58 MP: 8/8
  3872 | D:4      | Found a sand-covered staircase.
  3877 | Ossuary  | Entered an ossuary
  4531 | Ossuary  | Reached skill level 1 in Axes
  4752 | Ossuary  | Reached skill level 2 in Axes
  4788 | Ossuary  | Reached skill level 3 in Axes
  4788 | Ossuary  | Reached XP level 8. HP: 33/67 MP: 7/9
  5232 | D:4      | Reached skill level 4 in Axes
  5376 | D:4      | Reached skill level 5 in Axes
  6163 | D:5      | Entered Level 5 of the Dungeon
  6172 | D:4      | Reached skill level 6 in Axes
  6492 | D:5      | Noticed Ijyb
  6501 | D:5      | Killed Ijyb
  6748 | D:5      | Found Zin's Purification Station.
  6748 | D:5      | Found a glowing silver altar of Zin.
  6774 | D:5      | Reached skill level 7 in Axes
  6774 | D:5      | Reached XP level 9. HP: 72/72 MP: 10/10
  7389 | D:5      | Found a snail-covered altar of Cheibriados.
  7487 | D:5      | Reached skill level 1 in Invocations
  7822 | D:5      | Noticed Menkaure
  8222 | D:5      | Killed Menkaure
  8266 | D:5      | Found a staircase to the Ecumenical Temple.
  8377 | Temple   | Entered the Ecumenical Temple
  9266 | D:6      | Reached skill level 5 in Invocations
 10794 | D:7      | Reached XP level 10. HP: 77/79 MP: 8/16
 11584 | D:7      | Reached skill level 10 in Invocations
 12726 | D:8      | Found a bloodstained altar of Trog.
 12904 | D:8      | Reached *** piety under Qazlal
 13147 | D:9      | Reached skill level 8 in Axes
 13509 | D:9      | Reached XP level 11. HP: 52/84 MP: 19/19
 13654 | D:9      | Reached skill level 9 in Axes
 14110 | D:9      | Upgraded the game from 0.29.0-5-ge4962eb29e to
                  | 0.29.0-7-g18a832c13a
 14401 | D:9      | Found an opulent altar of Gozag.
 14955 | D:10     | Entered Level 10 of the Dungeon
 15059 | D:10     | Reached skill level 10 in Axes
 15439 | D:10     | Noticed Maurice
 15524 | D:10     | Killed Maurice
 15679 | D:10     | Reached skill level 11 in Axes
 16131 | D:10     | Noticed a two-headed ogre
 16149 | D:10     | Killed a two-headed ogre
 16169 | D:10     | Found a staircase to the Lair.
 16315 | D:10     | Found a staircase to the Orcish Mines.
 16320 | D:10     | Reached skill level 12 in Axes
 17172 | D:11     | Reached skill level 1 in Armour
 17177 | D:11     | Reached XP level 12. HP: 76/91 MP: 20/20
 17336 | D:11     | Noticed a five-headed hydra
 18137 | D:10     | Noticed a fire crab
 18137 | D:10     | a black mamba changed into a fire crab
 18147 | D:10     | Killed a fire crab
 18763 | D:11     | Found a portal to a secret trove of treasure.
 19270 | Lair:1   | Entered Level 1 of the Lair of Beasts
 19302 | Lair:1   | Reached skill level 5 in Armour
 19330 | Lair:1   | Noticed an eight-headed hydra
 19347 | D:10     | Slain by a cane toad

Illustrated notes

Levels and vault maps discovered:
D:1:      minmay_arrival_open_corners, layout_basic
D:2:      layout_loops_ring, basic_altar, hellmonk_ecumenical_altar_zigzags,
          minmay_hexomino_p4
D:3:      layout_basic, serial_shops, nicolae_shop_statue_plus,
          nicolae_shop_bloodbath_and_beyond, nicolae_shop_waterfront,
          grunt_decor_fettered
D:4:      layout_loops_corners, enter_ossuary_2, minmay_crystal_room
D:5:      layout_cave_pods, cheibrodos_worm_habitat, zin_purify, temple_hall,
          eino_curves_03, uniq_ijyb, uniq_menkaure
D:6:      layout_layer_cave
D:7:      layout_gridville, corexii_item_surrounded_by_moat
D:8:      layout_loops_corners, mainiacjoe_overflow_boulevard,
          serial_bayou_pond_b
D:9:      layout_irregular_city, lemuel_doored_altar
D:10:     erik_rubicon_a, layout_basic, minmay_lair_entry_grove,
          kennysheep_orc_monster_closet_entryway, uniq_maurice
D:11:     minmay_complete_graph, layout_long_grid, enter_trove_3,
          minmay_ruined_shrine
Temple:   nicolae_temple_no_exploring_needed
Lair:1:   layout_long_grid, gauntlet_entry_generic,
          nicolae_volcano_entry_two_sided, serial_bayou_lagoon_a,
          infiniplex_staircase_pool, uniq_maggie

Skill      XL: |  1  2  3  4  5  6  7  8  9 10 11 12 |
---------------+-------------------------------------+-----
Ranged Weapons | 4 |  4.0
Fighting       | 2 3 4 6 7 8 |  8.0
Axes           | 3 7 8 12 | 12.5
Invocations    | 8 11 | 11.5
Armour         | 1 5 |  5.1
Throwing       | |  2.0
Dodging        | |  1.0
Spellcasting   | |  1.0
Summonings     | |  2.0

Action                   |  1- 3 |  4- 6 |  7- 9 | 10-12 || total
-------------------------+-------+-------+-------+-------++-------
Melee: Halberd           |       |    15 |   292 |   119 ||   426
       Battleaxe         |       |       |       |   136 ||   136
 Fire: Sling             |   111 |   151 |    36 |       ||   298
Throw: Dart              |       |       |     9 |     7 ||    16
Invok: Upheaval          |       |       |     6 |     7 ||    13
Evoke: Wand              |       |     3 |     7 |    27 ||    37
  Use: Scroll            |       |     6 |     9 |     6 ||    21
       Potion            |       |       |     3 |     6 ||     9
 Stab: Invisible         |       |       |     1 |       ||     1
       Distracted        |       |       |       |     1 ||     1
Armor: Leather armour    |    18 |     6 |       |       ||    24
       Scale mail        |       |    68 |   111 |       ||   179
       Plate armour      |       |       |    82 |   177 ||   259
Dodge: Dodged            |    38 |   110 |   166 |   103 ||   417
Block: Other             |       |    20 |    44 |    40 ||   104
